 Dungeon Sprint DCSS version 0.24-a0-170-gd8427f5 (webtiles) character file.

Game seed: 15404924781131622456

12 Dfrag the Blocker (level 6, 0/55 HPs)
             Began as a Formicid Fighter on Mar 10, 2019.
             Was a Follower of Makhleb.
             Slain by a porcupine (3 damage)
             ... in the Dungeon (Sprint VI: "Thunderdome").
             The game lasted 00:02:21 (322 turns).

Dfrag the Blocker (Formicid Fighter)                 Turns: 322, Time: 00:02:22

Health: 0/55       AC:  8    Str: 26    XL:     6   Next: 23%
Magic:  6/6        EV: 10    Int: 11    God:    Makhleb [*.....]
Gold:   40         SH: 12    Dex: 14    Spells: 5/5 levels left

rFire    + + .     SeeInvis +   a - +0 war axe
rCold    . . .     Gourm    +   c - +0 shield
rNeg     . . .     Faith    .   b - +0 scale mail
rPois    .         Spirit   .   (helmet unavailable)
rElec    .         Reflect  .   (no cloak)
rCorr    .         Harm     .   (no gloves)
MR       .....                  (no boots)
Stlth    +.........             h - amulet of Qiurr {Gourm +Fly Str+4 Int+4}
HPRegen  0.18/turn              p - ring "Vegacini" {rF+ Stlth+}
MPRegen  0.10/turn              k - ring "Watremm" {+Inv rF+ Dex+3 SInv}

@: no status effects
A: permanent stasis, dig shafts and tunnels, four strong arms, antennae 3
a: Dig, Renounce Religion, Evoke Invisibility, Evoke Flight


You were in the Dungeon.
You worshipped Makhleb.
Makhleb was aware of your devotion.
You were not hungry.

You visited 1 branch You collected 220 gold pieces.
You spent 180 gold pieces at shops.

Inventory:

Hand Weapons
 a - a +0 war axe (weapon)
Armour
 b - a +0 scale mail (worn)
 c - a +0 shield (worn)
Jewellery
 h - the amulet of Qiurr (around neck) {Gourm +Fly Str+4 Int+4}
   (You bought it in a shop in the Dungeon)

   [amulet of the gourmand]

   It allows you to eat raw meat even when not hungry.
   It affects your strength (+4).
   It affects your intelligence (+4).
   It lets you fly.
 k - the ring "Watremm" (right hand) {+Inv rF+ Dex+3 SInv}
   (You bought it in a shop in the Dungeon)

   [ring of see invisible]

   It affects your dexterity (+3).
   It protects you from fire.
   It lets you see invisible.
   It lets you turn invisible.
 p - the ring "Vegacini" (left hand) {rF+ Stlth+}
   (You bought it in a shop in the Dungeon)

   [ring of stealth]

   It protects you from fire.
   It makes you more stealthy.
Wands
 l - a wand of acid (5)
 m - a wand of iceblast (5)
 q - a wand of random effects (15)
Scrolls
 n - 3 scrolls of fog
Potions
 d - a potion of might
 e - 2 potions of curing
 g - 4 potions of heal wounds
 i - 2 potions of magic
 j - a potion of berserk rage
 o - a potion of resistance
Comestibles
 f - a ration


   Skills:
 + Level 7.3 Fighting
 + Level 5.0 Axes
 + Level 7.8 Armour
 + Level 0.3 Dodging
 + Level 8.6 Shields


You had 5 spell levels left.
You didn't know any spells.
Your spell library was empty.

Dungeon Overview and Level Annotations

Branches:
Dungeon (1/1)

Altars:
Cheibriados
Dithmenos
Fedhas
Gozag
Kikubaaqudgha
Makhleb
Okawaru
Qazlal
Ru
Sif Muna
Trog
Uskayaw
Vehumet
Wu Jian
Xom
Yredelemnul
Zin
The Shining One
Beogh
Jiyva
Lugonu

Shops:
D *[%??*?*:[((!!!!

Annotations:
D Purgy


Innate Abilities, Weirdness & Mutations

You cannot be hasted, slowed, berserked, paralysed or teleported.
You can dig through walls and to a lower floor.
Your four strong arms can wield two-handed weapons with a shield.
You have a pair of large antennae on your head. (SInv)


Message History

You block Purgy's attack. Purgy closely misses you. The porcupine bites you!
* * * LOW HITPOINT WARNING * * *
You block the porcupine's attack.
Okay, then.
You block the porcupine's attack.
Things that are here:
a scroll of blinking; a potion of haste You closely miss the porcupine.
The porcupine is severely wounded.
You block the porcupine's attack. The porcupine misses you.
You barely miss the porcupine.
The porcupine is severely wounded.
The porcupine barely misses you.
You are struck by the porcupine's spines.
* * * LOW HITPOINT WARNING * * *
You closely miss the porcupine.
The porcupine is severely wounded.
The porcupine bites you.
You die...

###.........### #⌠...........⌠#
######.8.........8.######
##∩___......###......___∩##
###∩........8.# #.8......÷.∩###
##.............###.......[.....#
#⌠..........###...###..........⌠
#⌠..........# #.<.# #..........⌠
#⌠..........###@..###..........⌠
##...........rr###.............#
###∩........8T# #.8........∩###
##∩__.......###......___∩##
######.8.........8.######
#⌠...........⌠# ###........†###
#_......._# #........_#


You could see Purgy, a porcupine and a rat.

Vanquished Creatures
  Sigmund (D)
  Jessica (D)
  A hell rat (D)
  An adder (D)
  A river rat (D)
  A leopard gecko (D)
  A goblin (D)
7 creatures vanquished.

Notes
Turn   | Place    | Note
-------+----------+-------------------------------------------
     0 | D        | Dfrag the Formicid Fighter began the quest for the Orb.
     0 | D        | Reached XP level 1. HP: 18/18 MP: 1/1
     1 | D        | Found an iron altar of Okawaru.
     4 | D        | Found a hide-covered altar of Uskayaw.
     5 | D        | Found a blossoming altar of Fedhas.
     5 | D        | Found a stormy altar of Qazlal.
     5 | D        | Round 1.
     6 | D        | Found Moruc's Identification Station.
     6 | D        | Found a glowing golden altar of the Shining One.
     6 | D        | Found a shimmering altar of Xom.
     6 | D        | Found Yraogatu's Delicious Food.
     7 | D        | Found Rahyri's Advanced Armour.
     7 | D        | Found Wus Quz's Jewellery.
    23 | D        | Bought a shimmering silver amulet for 45 gold pieces
    23 | D        | Bought a bound gossamer ring for 45 gold pieces
    23 | D        | Bought a scintillating copper ring for 45 gold pieces
    23 | D        | Identified the amulet "Poxkoyroma" {Inacc rC+ Int+4} (You
                  | bought it in a shop in the Dungeon)
    24 | D        | Identified the ring "Vegacini" {rF+ Stlth+} (You bought it
                  | in a shop in the Dungeon)
    25 | D        | Identified the ring "Watremm" {+Inv rF+ Dex+3 SInv} (You
                  | bought it in a shop in the Dungeon)
    28 | D        | Bought a glittering tin amulet for 45 gold pieces
    28 | D        | Identified the amulet of Qiurr {Gourm +Fly Str+4 Int+4}
                  | (You bought it in a shop in the Dungeon)
    33 | D        | Found a sacrificial altar of Ru.
    34 | D        | Found an ancient bone altar of Kikubaaqudgha.
    35 | D        | Found a deep blue altar of Sif Muna.
    35 | D        | Found Xitoym's Magic Scroll Shop.
    36 | D        | Found Lexkaeleats's Magic Scroll Shop.
    36 | D        | Found Figomias's Must-Have Magic.
    37 | D        | Found a shadowy altar of Dithmenos.
    37 | D        | Found an ornate altar of the Wu Jian Council.
    37 | D        | Found a snail-covered altar of Cheibriados.
    37 | D        | Found Taakom's Staff Store.
    41 | D        | Found a bloodstained altar of Trog.
    42 | D        | Found a radiant altar of Vehumet.
    43 | D        | Found a basalt altar of Yredelemnul.
    43 | D        | Noticed Sigmund
    44 | D        | Found Nyphuyc's Distillery.
    45 | D        | Found Gennu's Distillery.
    45 | D        | Found Tucvif's Bottled Wisdom.
    49 | D        | Found a glowing silver altar of Zin.
    49 | D        | Found a corrupted altar of Lugonu.
    49 | D        | Found a viscous altar of Jiyva.
    49 | D        | Found Zyrum's Do-It-Yourself Clinic.
    54 | D        | Reached skill level 4 in Shields
    67 | D        | Killed Sigmund
    67 | D        | Reached skill level 7 in Shields
    67 | D        | Reached XP level 2. HP: 14/29 MP: 2/2
    67 | D        | Reached XP level 3. HP: 17/35 MP: 3/3
    67 | D        | Reached XP level 4. HP: 21/41 MP: 4/4
    67 | D        | Reached XP level 5. HP: 24/47 MP: 5/5
    72 | D        | Found a burning altar of Makhleb.
    73 | D        | Found an opulent altar of Gozag.
    74 | D        | Found a roughly hewn altar of Beogh.
    75 | D        | Found Ede Covosm's Weapon Rack.
    76 | D        | Found Wogeghec's Basic Armour.
    76 | D        | Found Izuntek's Miscellaneous Merchandise.
    80 | D        | Became a worshipper of Makhleb the Destroyer
    91 | D        | Found Oxzinn's Premium Goods.
    98 | D        | Noticed Jessica
   106 | D        | Killed Jessica
   106 | D        | Reached skill level 8 in Shields
   106 | D        | Reached XP level 6. HP: 34/55 MP: 6/6
   108 | D        | Reached * piety under Makhleb
   108 | D        | Arena points: 12 (+12) [x2]
   174 | D        | Round 2.
   275 | D        | Reached skill level 5 in Axes
   305 | D        | Noticed a porcupine
   307 | D        | Noticed Purgy
   322 | D        | Slain by a porcupine

Levels and vault maps discovered:
D:        arena_sprint

Skill      XL: |  1  2  3  4  5  6 |
---------------+-------------------+-----
Shields        | 7 8 |  8.6
Fighting       | 6 7 |  7.3
Axes           | 4 5 |  5.0
Armour         | 7 |  7.8
Dodging        | |  0.3

Action                   |  1- 3 |  4- 6 || total
-------------------------+-------+-------++-------
Melee: War axe           |    15 |    24 ||    39
Armor: Scale mail        |     4 |     4 ||     8
Dodge: Dodged            |     5 |     9 ||    14
Block: Shield            |     7 |    21 ||    28

Table legend:
 A = Non-vault XP
 B = Vault XP
 C = Vault XP percentage of total XP
 D = Non-vault monster count
 E = Vault monster count
 F = Vault count percentage of total count
                 A         B        C        D         E       F
            +---------+---------+-------+---------+---------+-------
      Total |     328 |       0 |   0.0 |       7 |       0 |   0.0
            +---------+---------+-------+---------+---------+-------
          D |     328 |       0 |   0.0 |       7 |       0 |   0.0
            +---------+---------+-------+---------+---------+-------
